AoeStats
← Cuchodark_79

Arena

510030304Analyzed
1v1 RM · 2d ago on Sep 29, 2026· 45m 9s· 2 players
Game mode
Random Map
Map size
Tiny (2 player)
Population
200
Speed
Normal
Resources
Standard
Victory
Conquest
Starting age
Dark Age
Ending age
Imperial Age
RankedLock teamsTeams togetherTeam positionsShared explorationLock speedFull tech treeHidden civsTurbo modeCheats
Victory
Defeat
🇬🇧 Varangians · United Kingdom
1111
+16
🇨🇱 Mapuche · Chile
1116
-16
azstephens88
11:01 Feudal Age
12:52 Double-Bit Axe
15:22 Castle Age
14:36 Horse Collar
15:29 Light Cavalry
17:00 Bow Saw
20:43 Heavy Plow
23:02 Wheelbarrow
25:20 Scale Barding Armor
25:26 Forging
25:19 Gold Mining
26:16 Bloodlines
26:35 Stone Mining
31:01 Imperial Age
29:28 Masonry
29:44 Chain Barding Armor
29:59 Iron Casting
30:02 Husbandry
31:11 Cavalier
32:34 Plate Barding Armor
31:31 Vendel Legacy
35:06 Plate Barding Armor
39:13 Blast Furnace
41:38 Fletching
43:18 Bodkin Arrow
43:51 Ballistics
44:32 Chemistry
44:25 Conscription
44:36 Bracer
44:11 Elite Jarl
Cuchodark_79
4:09 Loom
10:28 Feudal Age
10:59 Double-Bit Axe
15:16 Castle Age
15:28 Gold Mining
22:31 Fletching
22:34 Town Watch
23:26 Wheelbarrow
23:39 Bodkin Arrow
28:28 Imperial Age
30:01 Hand Cart
30:55 Conscription
34:52 Ballistics
34:44 Masonry
35:29 Pikeman
36:10 Scale Mail Armor
37:23 Chain Mail Armor
38:02 Forging
38:21 Sanctity
38:16 Fervor
39:10 Bow Saw
38:41 Horse Collar
39:57 Padded Archer Armor
40:39 Sanctity
Connection lost

Rejoining the realm…

Still unreachable

The connection could not be restored.

Session expired

The server has moved on; the page needs a fresh start.